 Dungeon Crawl Stone Soup version 0.16-a0-3187-geb38783 (webtiles) character file.

71 Chiseanne the Vexing (level 4, -2/21 HPs)
             Began as a Spriggan Enchanter on Dec 17, 2014.
             Killed by divine providence
             ... invoked by an orc priest
              (8 damage)
             ... on level 3 of the Dungeon.
             The game lasted 00:06:55 (2284 turns).

Chiseanne the Vexing (Spriggan Enchanter)           Turns: 2284, Time: 00:06:55

Health: -2/21      AC:  4    Str:  4    XL:     4   Next: 5%
Magic:  5/13       EV: 19    Int: 16    God:
Gold:   137        SH:  0    Dex: 17    Spells: 3 memorised, 3 levels left

rFire  . . .     SeeInvis +     a - +1 dagger
rCold  . . .     Clarity  .     b - +2 robe
rNeg   . . .     SustAb   .     (shield restricted)
rPois  .         Gourm    .     (helmet restricted)
rElec  .         Spirit   .     (no cloak)
rCorr  .         Warding  .     (gloves unavailable)
rMut   .         Stasis   .     (boots unavailable)
MR     .....                    (no amulet)
Stlth  +++.......               (no ring)
                                (no ring)

@: lethally poisoned, very quick, not resistant to hostile enchantments, fairly
stealthy
A: unfitting armour, see invisible, herbivore 3, speed 3, slow metabolism 2
a: no special abilities


You were on level 3 of the Dungeon.
You were full.

You visited 1 branch of the dungeon, and saw 3 of its levels.

You collected 137 gold pieces.

Inventory:

Hand weapons
 a - a +1 dagger (weapon)
 s - a +1 whip of venom
Missiles
 e - 24 bolts
 g - 53 arrows
 m - 8 poisoned needles
Armour
 b - a +2 robe (worn)
Scrolls
 j - a scroll of immolation
 k - a scroll of fear
Potions
 f - a potion of heal wounds {unknown}
 h - 2 potions of might
 i - 3 potions of curing
 l - a potion of restore abilities {unknown}
Books
 c - a book of Maledictions

   Spells                             Type                      Level
   a - Corona                         Hexes                        1
   b - Sure Blade                     Hexes/Charms                 2
   c - Ensorcelled Hibernation        Hexes/Ice                    2
   d - Confuse                        Hexes                        3
   e - Dazzling Spray                 Conjuration/Hexes            3
   f - Enslavement                    Hexes                        4
Comestibles
 d - 3 bread rations


   Skills:
 - Level 1.1 Short Blades
 - Level 3.5 Dodging
 - Level 4.6 Stealth
 - Level 3.2 Spellcasting
 * Level 5.2 Hexes


You had 3 spell levels left.
You knew the following spells:

 Your Spells              Type           Power        Failure   Level  Hunger
a - Corona                Hex            ###....      1%          1    None
b - Ensorcelled Hibernat  Hex/Ice        ##....       12%         2    ##.....
c - Dazzling Spray        Conj/Hex       ##......     21%         3    ###....


Dungeon Overview and Level Annotations

Branches:
Dungeon (3/15)

Altars:
Cheibriados
Elyvilon


Innate Abilities, Weirdness & Mutations

You are tiny and cannot use many weapons and most armour.
You have supernaturally acute eyesight.
You are a herbivore.
You cover ground extremely quickly.
You need consume almost no food.


Message History

Aiming: Dazzling Spray
Press: ? - help, Shift-Dir - straight line, f/p - orc priest
Aim: an orc priest, wielding a trident of venom and wearing a chain mail (moderately wounded)
The spray of energy hits the orc priest.
The orc priest is severely wounded.
The orc priest is dazzled.
You feel sick. The orc priest misses you.
Unknown command.
Casting: Dazzling Spray
Confirm with . or Enter, or press ? or * to list all spells.
Aiming: Dazzling Spray
Press: ? - help, Shift-Dir - straight line, f/p - orc priest
Aim: an orc priest, wielding a trident of venom and wearing a chain mail (severely wounded, blind)
The spray of energy hits the orc priest.
The orc priest is severely wounded.
The orc priest is dazzled.
* * * LOW HITPOINT WARNING * * *
You feel sick.
The orc priest invokes the aid of Beogh against you.
Something smites you!
You die...

...# #######..## ####
#.)..#...# #.#
#.##.#.#.###.#
###)##.#.#..##.#
#...##.#[##.##.#
#.####<#.##..#.#
#....#.#.###.#.#
####.#...# #.#.#
#.##### #@#.# #...#
#o#)# #####'### #o#.#
#......# #..%# #.[....#
##..####### #......####
##).......# #.........#
#..>......#
#......##.###(##......#
#......##.....##......#


You could see an orc priest (blind) and an orc.

Vanquished Creatures
  2 adders (D:2)
  A worm (D:2)
  2 oozes (D:1)
  3 orcs (D:3)
  2 ball pythons (D:2)
  4 bats
  4 giant cockroaches
  7 goblins
  3 hobgoblins
  4 kobolds
  A quokka (D:2)
  4 jackals (D:1)
  5 rats
42 creatures vanquished.

Notes
Turn   | Place    | Note
--------------------------------------------------------------
     0 | D:1      | Chiseanne, the Spriggan Enchanter, began the quest for the Orb.
     0 | D:1      | Reached XP level 1. HP: 9/9 MP: 4/4
   239 | D:1      | Reached XP level 2. HP: 13/13 MP: 4/8
   354 | D:1      | Learned a level 2 spell: Ensorcelled Hibernation
  1089 | D:2      | Reached XP level 3. HP: 16/16 MP: 11/11
  1419 | D:2      | Found a snail-covered altar of Cheibriados.
  1623 | D:2      | Found a white marble altar of Elyvilon.
  1628 | D:2      | Reached skill level 5 in Hexes
  2175 | D:3      | Reached XP level 4. HP: 21/21 MP: 7/13
  2182 | D:3      | Learned a level 3 spell: Dazzling Spray
  2284 | D:3      | Killed from afar by an orc priest

Action                   |  1- 3 |  4- 6 || total
-------------------------+-------+-------++-------
Melee: Dagger            |    51 |     5 ||    56
       Whip              |    21 |       ||    21
 Cast: Corona            |     7 |       ||     7
       Ensorcelled Hiber |    30 |     2 ||    32
       Dazzling Spray    |       |     2 ||     2
  Use: Scroll            |     6 |       ||     6
 Stab: Sleeping          |    29 |     1 ||    30
  Eat: Bread ration      |       |     1 ||     1
